[Event "Kragero Resort ELO 2024"]
[Site "Kragero"]
[Date "2024.02.23"]
[Round "5.14"]
[White "Mortensen, Michael"]
[Black "Alvanjyan, Aida"]
[Result "1/2-1/2"]
[ECO "E06"]
[WhiteElo "1330"]
[BlackElo "1508"]
[Annotator "NA RC"]
[PlyCount "147"]
[EventDate "2024.02.21"]
[EventType "swiss"]
[EventCountry "NOR"]
[SourceTitle "playchess.com"]
[Source "ChessBase"]
[SourceQuality "1"]
[TimeControl "5400+30"]

1. c4 e6 2. g3 d5 3. Bg2 Nf6 4. cxd5 exd5 5. Nf3 Be7 6. O-O O-O 7. d4 c6 8. Nc3 h6 9. Bf4 Nh5 10. Bxb8 Rxb8 11. Ne5 Nf6 12. Qd3 Bd6 13. Rad1 Re8 14. f4 Qb6 15. Qc2 a6 16. Kh1 Ng4 17. Qd2 f6 18. Nxg4 Bxg4 19. Rde1 Rbd8 20. a3 Bb8 21. Na4 Qb5 22. Nc3 Qb6 23. Na4 Qb5 24. Nc3 Qb3 25. e4 dxe4 26. Bxe4 Be6 27. Bb1 Bd5+ 28. Kg1 Ba7 29. Rxe8+ Rxe8 30. Ba2 Qb6 31. Nxd5 cxd5 32. Bxd5+ Kh8 33. Qb4 Qxb4 34. axb4 Bxd4+ 35. Kh1 Re7 36. Rc1 g6 37. Rc8+ Kg7 38. b3 Rd7 39. Bc4 Bb6 40. Re8 Bd4 41. b5 a5 42. Re1 Bc3 43. Rc1 Bb4 44. Rc2 Rd1+ 45. Kg2 Rd2+ 46. Rxd2 Bxd2 47. Kf3 f5 48. b6 Bb4 49. Bd5 Bc5 50. Bxb7 Bxb6 51. h3 Kf6 52. Bd5 Bc7 53. Bc4 Ke7 54. g4 fxg4+ 55. hxg4 Kf6 56. Bd5 Bd6 57. Be4 Kg7 58. f5 g5 59. Ke3 Kf6 60. Kd4 Be5+ 61. Kd5 Bc3 62. Kc4 Bb4 63. Kd5 Bd2 64. Kd4 Bc1 65. Kd5 Bb2 66. Kd6 Ba3+ 67. Kd5 Bf8 68. Kd4 h5 69. Bf3 h4 70. Bg2 Ke7 71. Ke5 Bg7+ 72. Kd5 Kd7 73. Bh3 Bf6 74. Bg2 1/2-1/2

[Event "Kragero Resort ELO 2024"]
[Site "Kragero"]
[Date "2024.02.23"]
[Round "5.17"]
[White "Kristiansen, David"]
[Black "Matysiak, Tommy"]
[Result "1-0"]
[ECO "B21"]
[WhiteElo "1407"]
[BlackElo "1312"]
[Annotator "NA RC"]
[PlyCount "61"]
[EventDate "2024.02.21"]
[EventType "swiss"]
[EventCountry "NOR"]
[SourceTitle "playchess.com"]
[Source "ChessBase"]
[SourceQuality "1"]
[TimeControl "5400+30"]

1. e4 c5 2. d4 cxd4 3. c3 d3 4. Bxd3 d6 5. Nf3 Nc6 6. h3 Nf6 7. O-O e6 8. c4 Be7 9. Nc3 O-O 10. a3 a5 11. Qe2 d5 12. cxd5 exd5 13. Rd1 d4 14. Nb5 Be6 15. e5 Ne8 16. Nbxd4 Qb6 17. Be3 Nxd4 18. Nxd4 Bc5 19. Nxe6 fxe6 20. Bxc5 Qxc5 21. Rac1 Qb6 22. Rc4 Nc7 23. Qc2 Nd5 24. Bxh7+ Kh8 25. Rh4 Rac8 26. Qe2 Rf4 27. Rh5 Rcf8 28. Bg6+ Kg8 29. Rh8+ Kxh8 30. Qh5+ Kg8 31. Qh7# 1-0

[Event "Kragero Resort ELO 2024"]
[Site "Kragero"]
[Date "2024.02.23"]
[Round "5.18"]
[White "Nordahl, Frederik"]
[Black "Syreng, Gard Alexander Bye"]
[Result "0-1"]
[ECO "B07"]
[WhiteElo "1396"]
[BlackElo "1244"]
[Annotator "NA RC"]
[PlyCount "48"]
[EventDate "2024.02.21"]
[EventType "swiss"]
[EventCountry "NOR"]
[SourceTitle "playchess.com"]
[Source "ChessBase"]
[SourceQuality "1"]
[TimeControl "5400+30"]

1. e4 d6 2. d4 Nf6 3. Nc3 Nbd7 4. Be3 e5 5. f3 Be7 6. Qd2 c6 7. a4 Qc7 8. O-O-O a6 9. g4 b5 10. g5 Nh5 11. dxe5 Nxe5 12. f4 Nc4 13. Bxc4 bxc4 14. f5 Rb8 15. Nb1 Qb7 16. Bd4 c5 17. Bc3 Qxe4 18. Re1 Qxh1 19. Qxd6 O-O 20. Qxb8 Bxg5+ 21. Nd2 Bxf5 22. Qe5 Bxd2+ 23. Kxd2 Qg2+ 24. Kc1 Qxc2# 0-1

[Event "Kragero Resort ELO 2024"]
[Site "Kragero"]
[Date "2024.02.23"]
[Round "5.19"]
[White "Bollestad, Leiv Ove"]
[Black "Robertsen, Nikolas"]
[Result "1-0"]
[ECO "C54"]
[WhiteElo "1371"]
[BlackElo "1236"]
[Annotator "NA RC"]
[PlyCount "127"]
[EventDate "2024.02.21"]
[EventType "swiss"]
[EventCountry "NOR"]
[SourceTitle "playchess.com"]
[Source "ChessBase"]
[SourceQuality "1"]
[TimeControl "5400+30"]

1. e4 e5 2. Nf3 Nc6 3. Bc4 Bc5 4. c3 Nf6 5. d4 exd4 6. cxd4 Bb4+ 7. Nc3 Bxc3+ 8. bxc3 Nxe4 9. Qe2 d5 10. O-O O-O 11. Qc2 Bg4 12. Bd3 Re8 13. Nd2 Nf6 14. Nb3 Qd7 15. Nc5 Qc8 16. f3 Bh5 17. Bf5 Qb8 18. Rb1 b6 19. Qa4 Ne7 20. Nd7 Nxd7 21. Bxd7 Rd8 22. Ba3 a6 23. Bxe7 b5 24. Bxd8 Qxd8 25. Bxb5 axb5 26. Qxb5 h6 27. Rfe1 f6 28. Rb2 f5 29. Re5 Qg5 30. Qxd5+ Kh7 31. Rbe2 Rd8 32. Qb7 Qc1+ 33. Kf2 Qxc3 34. Rd5 Re8 35. Qb2 Rxe2+ 36. Qxe2 Bf7 37. Rxf5 Qxd4+ 38. Kg3 Qd6+ 39. Re5 Qg6+ 40. Kf2 Qb6+ 41. Re3 Bg6 42. g3 c5 43. Kg2 Qc6 44. Rc3 Bf7 45. a3 h5 46. Qe4+ Qxe4 47. fxe4 c4 48. a4 Be6 49. a5 g5 50. a6 Bc8 51. a7 Bb7 52. Kf3 Kg7 53. Rxc4 Kf6 54. Rc5 Ke6 55. Ra5 Kf6 56. a8=Q Bxa8 57. Rxa8 Ke7 58. Ra6 Kd7 59. e5 Ke7 60. Ke4 Ke8 61. Kf5 h4 62. Kf6 hxg3 63. e6 gxh2 64. Ra8# 1-0

[Event "Kragero Resort ELO 2024"]
[Site "Kragero"]
[Date "2024.02.23"]
[Round "5.21"]
[White "Jorgensen, Catherine"]
[Black "Germiani, Yaro"]
[Result "1-0"]
[ECO "A81"]
[WhiteElo "1351"]
[BlackElo "1287"]
[Annotator "NA RC"]
[PlyCount "75"]
[EventDate "2024.02.21"]
[EventType "swiss"]
[EventCountry "NOR"]
[SourceTitle "playchess.com"]
[Source "ChessBase"]
[SourceQuality "1"]
[TimeControl "5400+30"]

1. d4 f5 2. g3 Nf6 3. Nh3 e6 4. Bg2 Be7 5. Nf4 O-O 6. O-O c6 7. a4 d6 8. c4 e5 9. dxe5 dxe5 10. Nd3 Qc7 11. e3 Rd8 12. Qb3 Kh8 13. Rd1 Na6 14. Bd2 Nc5 15. Nxc5 Bxc5 16. Nc3 Be6 17. Ne2 Rd6 18. Qc2 Rad8 19. b4 Bxb4 20. Bxb4 Rxd1+ 21. Rxd1 Rxd1+ 22. Qxd1 Bxc4 23. Qc2 Bxe2 24. Qxe2 a5 25. Bc3 Nd7 26. Qa2 b6 27. Qe6 Qd8 28. Bxc6 Nf8 29. Qxe5 Qd1+ 30. Kg2 Qg4 31. Qe8 h6 32. Qxf8+ Kh7 33. Bd5 Qxa4 34. Qg8+ Kg6 35. Qxg7+ Kh5 36. Bf3+ Qg4 37. Qf7+ Kg5 38. Bf6# 1-0

[Event "Kragero Resort ELO 2024"]
[Site "Kragero"]
[Date "2024.02.23"]
[Round "5.22"]
[White "Sathish, Githiha"]
[Black "Hagen, Bjorn Stian"]
[Result "1-0"]
[ECO "A45"]
[WhiteElo "1332"]
[BlackElo "1278"]
[Annotator "NA RC"]
[PlyCount "55"]
[EventDate "2024.02.21"]
[EventType "swiss"]
[EventCountry "NOR"]
[SourceTitle "playchess.com"]
[Source "ChessBase"]
[SourceQuality "1"]
[TimeControl "5400+30"]

1. d4 Nf6 2. Bg5 e6 3. e4 Be7 4. Nd2 d5 5. e5 Nfd7 6. Bxe7 Qxe7 7. c3 c5 8. Ngf3 c4 9. b3 b5 10. a4 cxb3 11. Bxb5 b2 12. Ra2 a6 13. Bd3 a5 14. Rxb2 Ba6 15. Bxa6 Rxa6 16. O-O O-O 17. c4 dxc4 18. Nxc4 Nc6 19. Qe2 Nb4 20. Nd6 Nb6 21. Rxb4 axb4 22. Qxa6 Nd5 23. Qc4 Qd7 24. Ra1 Rb8 25. Nd2 h5 26. Nb3 g5 27. Ne4 Rc8 28. Qxd5 1-0

[Event "Kragero Resort ELO 2024"]
[Site "Kragero"]
[Date "2024.02.23"]
[Round "5.23"]
[White "Sorensen, Vidar Busch"]
[Black "Jullum, Hege Ibsen"]
[Result "1-0"]
[ECO "D05"]
[WhiteElo "1313"]
[BlackElo "1128"]
[Annotator "NA RC"]
[PlyCount "109"]
[EventDate "2024.02.21"]
[EventType "swiss"]
[EventCountry "NOR"]
[SourceTitle "playchess.com"]
[Source "ChessBase"]
[SourceQuality "1"]
[TimeControl "5400+30"]

1. Nf3 d5 2. e3 Nf6 3. b3 c5 4. d4 e6 5. Bb2 Nc6 6. Bb5 Qa5+ 7. Nc3 Ne4 8. Bxc6+ bxc6 9. Ne5 Nxc3 10. Qd2 cxd4 11. Nxc6 Qb6 12. Nxd4 Ne4 13. Qc1 Ba6 14. f3 Nd6 15. a4 Rc8 16. a5 Qb7 17. Kd2 Nb5 18. Ne2 Bb4+ 19. c3 O-O 20. Ra4 Bd6 21. f4 d4 22. exd4 Qxg2 23. Qf1 Bxf4+ 24. Kd1 Qxf1+ 25. Rxf1 Nxc3+ 26. Bxc3 Bxe2+ 27. Kxe2 Rxc3 28. Rxf4 Rxb3 29. h4 Rc8 30. Ra2 Rcc3 31. Rd2 h6 32. d5 exd5 33. Rxd5 Rb2+ 34. Rd2 Rxd2+ 35. Kxd2 Ra3 36. Rf5 g6 37. Rc5 Kg7 38. Ke2 Rh3 39. Rc4 g5 40. hxg5 hxg5 41. Rc7 Ra3 42. Rxa7 Kg6 43. Kf2 f5 44. a6 Kh5 45. Rf7 Rxa6 46. Rxf5 Kg4 47. Re5 Kf4 48. Re2 Ra3 49. Kg2 Kg4 50. Re4+ Kf5 51. Re2 Kf4 52. Rf2+ Kg4 53. Kh2 Kh4 54. Rg2 g4 55. Rc2 1-0

[Event "Kragero Resort ELO 2024"]
[Site "Kragero"]
[Date "2024.02.23"]
[Round "5.24"]
[White "Nguyen, Tyson Quang Hy"]
[Black "Persson, Michael"]
[Result "1-0"]
[ECO "C55"]
[WhiteElo "1267"]
[BlackElo "1296"]
[Annotator "NA RC"]
[PlyCount "59"]
[EventDate "2024.02.21"]
[EventType "swiss"]
[EventCountry "NOR"]
[SourceTitle "playchess.com"]
[Source "ChessBase"]
[SourceQuality "1"]
[TimeControl "5400+30"]

1. e4 e5 2. Nf3 Nc6 3. Bc4 Be7 4. d3 Nf6 5. c3 d6 6. Be3 O-O 7. Nbd2 a6 8. a4 d5 9. exd5 Nxd5 10. O-O Bg4 11. Qb3 Na5 12. Qc2 Nxc4 13. dxc4 Nxe3 14. fxe3 f6 15. Qe4 Bxf3 16. Nxf3 c6 17. b4 Qc7 18. Rfd1 a5 19. bxa5 Rxa5 20. Qf5 Rd8 21. Nh4 Rd6 22. Rxd6 Bxd6 23. Qe6+ Kf8 24. Rd1 Qe7 25. Qc8+ Kf7 26. Nf5 Qf8 27. Nxd6+ Kg8 28. Qe6+ Kh8 29. Nf7+ Kg8 30. Rd8 1-0

[Event "Kragero Resort ELO 2024"]
[Site "Kragero"]
[Date "2024.02.23"]
[Round "6.7"]
[White "Kveim, Ingvar Torjesen"]
[Black "Rynning, Rune Kleiven"]
[Result "1/2-1/2"]
[ECO "B90"]
[WhiteElo "1542"]
[BlackElo "1713"]
[Annotator "NA RC"]
[PlyCount "106"]
[EventDate "2024.02.21"]
[EventType "swiss"]
[EventCountry "NOR"]
[SourceTitle "playchess.com"]
[Source "ChessBase"]
[SourceQuality "1"]
[TimeControl "5400+30"]

1. e4 c5 2. Nf3 d6 3. d4 cxd4 4. Nxd4 Nf6 5. Nc3 a6 6. h3 e5 7. Nde2 h5 8. Bg5 Nbd7 9. g3 Be7 10. Bg2 b5 11. a3 Bb7 12. Nc1 Rc8 13. O-O Rc4 14. Re1 Qa8 15. f3 Nxe4 16. Nxe4 Bxe4 17. Bxe7 Bxc2 18. Qd2 Kxe7 19. Ne2 Bg6 20. Nf4 Qa7+ 21. Kh2 Rhc8 22. Rad1 Qc5 23. b4 Qc6 24. Nd5+ Kf8 25. Qg5 Re8 26. f4 Qc8 27. f5 Bh7 28. f6 gxf6 29. Nxf6 Nxf6 30. Qxf6 Re6 31. Qh8+ Bg8 32. Qxh5 Rc2 33. Rf1 Qc6 34. Rg1 Qe4 35. Rc1 Qc4 36. Qg5 Rg6 37. Qe3 Kg7 38. Kh1 Rxc1 39. Rxc1 Qa2 40. Be4 Re6 41. Qg5+ Kf8 42. Rc8+ Re8 43. Rxe8+ Kxe8 44. Qxg8+ Ke7 45. Qg5+ Kd7 46. Bf5+ Kc6 47. Be4+ Kd7 48. Qc1 d5 49. Bf5+ Ke7 50. Qg5+ Kf8 51. Qd8+ Kg7 52. Qg5+ Kf8 53. Qd8+ Kg7 1/2-1/2

[Event "Kragero Resort ELO 2024"]
[Site "Kragero"]
[Date "2024.02.23"]
[Round "6.8"]
[White "Gjersvik, Aksel Elias"]
[Black "Johannessen, Martin T."]
[Result "1/2-1/2"]
[ECO "B23"]
[WhiteElo "1451"]
[BlackElo "1660"]
[Annotator "NA RC"]
[PlyCount "48"]
[EventDate "2024.02.21"]
[EventType "swiss"]
[EventCountry "NOR"]
[SourceTitle "playchess.com"]
[Source "ChessBase"]
[SourceQuality "1"]
[TimeControl "5400+30"]

1. e4 c5 2. Nc3 d6 3. d4 cxd4 4. Qxd4 Nc6 5. Qd2 Nf6 6. b3 g6 7. Bb2 Bg7 8. O-O-O O-O 9. f3 Be6 10. g4 Rc8 11. Nge2 Qa5 12. h4 h5 13. g5 Nd7 14. f4 b5 15. Bh3 Bxh3 16. Rxh3 Nb6 17. Kb1 b4 18. Nd5 Bxb2 19. Kxb2 Nxd5 20. Qxd5 Qxd5 21. Rxd5 Rc7 22. Nd4 Nxd4 23. Rxd4 a5 24. Rhd3 Rfc8 1/2-1/2

[Event "Kragero Resort ELO 2024"]
[Site "Kragero"]
[Date "2024.02.23"]
[Round "6.9"]
[White "Kopperud, Vidar Aleksander"]
[Black "Dale, Marius Hag"]
[Result "0-1"]
[ECO "D12"]
[WhiteElo "1642"]
[BlackElo "1415"]
[Annotator "NA RC"]
[PlyCount "58"]
[EventDate "2024.02.21"]
[EventType "swiss"]
[EventCountry "NOR"]
[SourceTitle "playchess.com"]
[Source "ChessBase"]
[SourceQuality "1"]
[TimeControl "5400+30"]

1. d4 d5 2. c4 c6 3. Nf3 Nf6 4. e3 Bf5 5. Nc3 e6 6. cxd5 exd5 7. Bd3 Bxd3 8. Qxd3 Bb4 9. O-O O-O 10. Ne2 Ne4 11. Ng3 Re8 12. Nd2 Nxg3 13. hxg3 Nd7 14. a3 Bxd2 15. Bxd2 Nf6 16. f3 Nh5 17. Be1 Qd6 18. f4 Nf6 19. Rf3 Ng4 20. Bf2 Qh6 21. Re1 Qh2+ 22. Kf1 Qh1+ 23. Ke2 Qxg2 24. Rg1 Qh2 25. Kf1 Qh3+ 26. Ke2 Nh2 27. Rh1 Qg2 28. Rxh2 Qxh2 29. g4 Re4 0-1

[Event "Kragero Resort ELO 2024"]
[Site "Kragero"]
[Date "2024.02.23"]
[Round "6.10"]
[White "Digernes, Mikael"]
[Black "Shehzad, Alina"]
[Result "1-0"]
[ECO "B20"]
[WhiteElo "1593"]
[BlackElo "1474"]
[Annotator "NA RC"]
[PlyCount "45"]
[EventDate "2024.02.21"]
[EventType "swiss"]
[EventCountry "NOR"]
[SourceTitle "playchess.com"]
[Source "ChessBase"]
[SourceQuality "1"]
[TimeControl "5400+30"]

1. e4 c5 2. a3 g6 3. Nc3 Bg7 4. f4 e6 5. Nf3 d5 6. Bb5+ Bd7 7. Bxd7+ Qxd7 8. d3 Ne7 9. O-O O-O 10. Qe1 Nbc6 11. Qh4 Nd4 12. Nxd4 Bxd4+ 13. Kh1 Bg7 14. Rf3 b5 15. Rh3 h6 16. f5 gxf5 17. Bxh6 Ng6 18. Qh5 Qe8 19. e5 Nf4 20. Bxf4 f6 21. Qh7+ Kf7 22. exf6 Kxf6 23. Re1 1-0

[Event "Kragero Resort ELO 2024"]
[Site "Kragero"]
[Date "2024.02.23"]
[Round "6.11"]
[White "Smedsrud, Petter"]
[Black "Nordahl, Christine"]
[Result "1-0"]
[ECO "B22"]
[WhiteElo "1580"]
[BlackElo "1333"]
[Annotator "NA"]
[PlyCount "117"]
[EventDate "2024.02.21"]
[EventType "swiss"]
[EventCountry "NOR"]
[SourceTitle "playchess.com"]
[Source "ChessBase"]
[SourceQuality "1"]
[TimeControl "5400+30"]

1. e4 c5 2. Nf3 Nc6 3. c3 Nf6 4. e5 Nd5 5. d4 cxd4 6. cxd4 e6 7. Bc4 d6 8. O-O dxe5 9. dxe5 Be7 10. Qe2 Nb6 11. Bd3 O-O 12. Qe4 g6 13. Bh6 Re8 14. Nc3 Bd7 15. Rac1 Nb4 16. Bb1 Bc6 17. Qe2 N4d5 18. Rfd1 Nxc3 19. Rxc3 Nd5 20. Rcc1 Qb6 21. Ng5 Bf8 22. Qf3 Qc7 23. Bxf8 Rxf8 24. Qh3 h5 25. Nxe6 Qxe5 26. Nxf8 Nf4 27. Qe3 Ne2+ 28. Kf1 Qxe3 29. fxe3 Nxc1 30. Nxg6 fxg6 31. Rxc1 Kg7 32. g3 Rf8+ 33. Ke2 Bb5+ 34. Bd3 Bc6 35. e4 Rf6 36. Ke3 g5 37. Rc5 Kh6 38. e5 Rf3+ 39. Kd4 Rf2 40. Rc2 Rxc2 41. Bxc2 b6 42. e6 Kg7 43. Ke5 Be8 44. Bf5 a5 45. e7 Kf7 46. Kd6 b5 47. Be6+ Kf6 48. Bd7 Kf7 49. Bxe8+ Kxe8 50. h3 g4 51. h4 b4 52. b3 Kf7 53. Kd7 Kf6 54. e8=Q Kg7 55. Qxh5 Kg8 56. Qxg4+ Kh8 57. Ke7 Kh7 58. Kf7 Kh6 59. Qg6# 1-0

[Event "Kragero Resort ELO 2024"]
[Site "Kragero"]
[Date "2024.02.23"]
[Round "6.12"]
[White "Syreng, Gard Alexander Bye"]
[Black "Jahr, Even"]
[Result "1-0"]
[ECO "E06"]
[WhiteElo "1244"]
[BlackElo "1689"]
[Annotator "NA RC"]
[PlyCount "88"]
[EventDate "2024.02.21"]
[EventType "swiss"]
[EventCountry "NOR"]
[SourceTitle "playchess.com"]
[Source "ChessBase"]
[SourceQuality "1"]
[TimeControl "5400+30"]

1. d4 Nf6 2. Nf3 e6 3. g3 d5 4. c4 Be7 5. Bg2 O-O 6. O-O c6 7. Nc3 b6 8. cxd5 cxd5 9. Qc2 Bb7 10. Bf4 Nc6 11. Rad1 Rc8 12. Qb1 h6 13. h3 Ba6 14. Nh2 Bb4 15. Bf3 Qe7 16. Ng4 Na5 17. Qc1 Nxg4 18. hxg4 Bxc3 19. bxc3 g5 20. Bd2 Nc4 21. Kg2 Bb7 22. Rh1 Nxd2 23. Qxd2 Kg7 24. e3 Rc7 25. Qd3 Rfc8 26. Rxh6 Qa3 27. Qh7+ Kf8 28. Qh8+ Ke7 29. Qf6+ Kd6 30. Qe5+ Kd7 31. Rh7 Rf8 32. Qxg5 Rxc3 33. Qf6 Qe7 34. Qxe7+ Kxe7 35. Rd2 Ba6 36. Be2 Bc4 37. g5 Ra3 38. Bh5 Rxa2 39. Rxa2 Bxa2 40. Bxf7 Ra8 41. Be8+ Kf8 42. g6 Bb1 43. Bc6 Rd8 44. Rh8+ Ke7 1-0

[Event "Kragero Resort ELO 2024"]
[Site "Kragero"]
[Date "2024.02.23"]
[Round "6.13"]
[White "Alvanjyan, Aida"]
[Black "Bollestad, Leiv Ove"]
[Result "1-0"]
[ECO "C58"]
[WhiteElo "1508"]
[BlackElo "1371"]
[Annotator "NA RC"]
[PlyCount "56"]
[EventDate "2024.02.21"]
[EventType "swiss"]
[EventCountry "NOR"]
[SourceTitle "playchess.com"]
[Source "ChessBase"]
[SourceQuality "1"]
[TimeControl "5400+30"]

1. e4 e5 2. Nf3 Nc6 3. Bc4 Nf6 4. Ng5 d5 5. exd5 Na5 6. Bb5+ c6 7. dxc6 bxc6 8. Bd3 h6 9. Ne4 c5 10. Bb5+ Bd7 11. Nxf6+ Qxf6 12. Bxd7+ Kxd7 13. O-O Bd6 14. Nc3 h5 15. Qe2 a6 16. Nd5 Qd8 17. d3 Nc6 18. Qf3 Ke8 19. c3 Ne7 20. Ne3 g5 21. Nc4 Kd7 22. Bxg5 Rg8 23. Bxe7 Kxe7 24. Rfe1 f6 25. d4 cxd4 26. cxd4 Rc8 27. dxe5 fxe5 28. Nxe5 Bb4 1-0

[Event "Kragero Resort ELO 2024"]
[Site "Kragero"]
[Date "2024.02.23"]
[Round "6.16"]
[White "Elseth, Florian"]
[Black "Mortensen, Michael"]
[Result "0-1"]
[ECO "E92"]
[WhiteElo "1513"]
[BlackElo "1330"]
[Annotator "NA"]
[PlyCount "87"]
[EventDate "2024.02.21"]
[EventType "swiss"]
[EventCountry "NOR"]
[SourceTitle "playchess.com"]
[Source "ChessBase"]
[SourceQuality "1"]
[TimeControl "5400+30"]

1. d4 Nf6 2. c4 g6 3. Nf3 Bg7 4. Nc3 O-O 5. e4 d6 6. Be2 e5 7. dxe5 dxe5 8. Bg5 Nc6 9. Qxd8 Rxd8 10. Bxf6 Bxf6 11. Nd5 Bg7 12. Nxc7 Rb8 13. O-O Nd4 14. Nxd4 exd4 15. Rfd1 b6 16. Rd2 Rb7 17. Nd5 f5 18. Bf3 fxe4 19. Bxe4 Rbd7 20. Nf4 Bh6 21. g3 Rf8 22. Bd5+ Kh8 23. Rxd4 Bxf4 24. Rxf4 Rxf4 25. gxf4 Re7 26. Rd1 Bf5 27. b4 Rd7 28. Kf1 b5 29. Ke2 bxc4 30. Bxc4 Bg4+ 31. f3 Bxf3+ 32. Kxf3 Rxd1 33. Ke4 Kg7 34. Bd3 Rd2 35. a4 Rxh2 36. a5 Kf6 37. Kd5 Rd2 38. Kc4 Ke6 39. b5 Kd6 40. Be4 Rf2 41. b6 Rxf4 42. Kd4 Rxe4+ 43. Kxe4 axb6 44. axb6 0-1

[Event "Kragero Resort ELO 2024"]
[Site "Kragero"]
[Date "2024.02.23"]
[Round "6.18"]
[White "Jorgensen, Catherine"]
[Black "Sorensen, Vidar Busch"]
[Result "1-0"]
[ECO "A81"]
[WhiteElo "1351"]
[BlackElo "1313"]
[Annotator "NA"]
[PlyCount "117"]
[EventDate "2024.02.21"]
[EventType "swiss"]
[EventCountry "NOR"]
[SourceTitle "playchess.com"]
[Source "ChessBase"]
[SourceQuality "1"]
[TimeControl "5400+30"]

1. d4 f5 2. g3 g6 3. Nh3 Bg7 4. Nf4 d5 5. Bg2 Nf6 6. h4 h5 7. Nxg6 Rg8 8. Bg5 Be6 9. Nd2 Bf7 10. Nf4 Nc6 11. c3 Qd7 12. Nf3 Ng4 13. Nd3 b6 14. Bf4 O-O-O 15. Ng5 Bg6 16. f3 Nf6 17. Ne5 Nxe5 18. Bxe5 Nh7 19. f4 Nf6 20. Qd3 Kb7 21. c4 Ne4 22. c5 Bxe5 23. fxe5 Nxg5 24. hxg5 f4 25. Qc3 fxg3 26. c6+ Qxc6 27. Qxc6+ Kxc6 28. Rc1+ Kb7 29. Rh3 Be4 30. Rxg3 Bxg2 31. Rxg2 Rg6 32. Kf2 e6 33. e3 Rdg8 34. Rcg1 h4 35. Rg4 c6 36. R1g2 a5 37. Kg1 Rh8 38. Kh2 c5 39. Kh3 c4 40. Rxh4 Rhg8 41. Rhg4 Kc7 42. Kh2 b5 43. Kg1 b4 44. Kf1 c3 45. bxc3 bxc3 46. Ke1 Rb8 47. Kd1 Rb1+ 48. Kc2 Rb2+ 49. Kxc3 Rxg2 50. Rxg2 Kc6 51. a4 Kc7 52. Kd3 Kd7 53. e4 Kd8 54. exd5 exd5 55. Ke3 Ke7 56. Kf4 Ke6 57. Kg4 Rg8 58. Rc2 Kd7 59. Rc5 1-0

[Event "Kragero Resort ELO 2024"]
[Site "Kragero"]
[Date "2024.02.23"]
[Round "6.19"]
[White "Andersen, Lars Loberg"]
[Black "Sathish, Githiha"]
[Result "0-1"]
[ECO "B20"]
[WhiteElo "1429"]
[BlackElo "1332"]
[Annotator "NA RC"]
[PlyCount "68"]
[EventDate "2024.02.21"]
[EventType "swiss"]
[EventCountry "NOR"]
[SourceTitle "playchess.com"]
[Source "ChessBase"]
[SourceQuality "1"]
[TimeControl "5400+30"]

1. e4 c5 2. b3 d6 3. Bb2 Nf6 4. Nc3 a6 5. d4 cxd4 6. Qxd4 Nc6 7. Qd2 b5 8. Bd3 Bb7 9. Nf3 e6 10. e5 dxe5 11. O-O-O Qc7 12. Qe2 O-O-O 13. Ne4 Nd5 14. c4 Nf4 15. Qf1 Nb4 16. Bb1 f6 17. Rxd8+ Kxd8 18. g3 Ng6 19. a3 Nc6 20. Qd3+ Kc8 21. c5 Nd4 22. Bxd4 exd4 23. Kd2 e5 24. Nh4 Nxh4 25. gxh4 f5 26. Nd6+ Bxd6 27. cxd6 Qc3+ 28. Ke2 Qxd3+ 29. Bxd3 Bxh1 30. Bxf5+ Kd8 31. f3 Rf8 32. Be4 Kd7 33. h5 Kxd6 34. h4 d3+ 0-1

[Event "Kragero Resort ELO 2024"]
[Site "Kragero"]
[Date "2024.02.23"]
[Round "6.20"]
[White "Robertsen, Nikolas"]
[Black "Nordahl, Frederik"]
[Result "0-1"]
[ECO "D00"]
[WhiteElo "1236"]
[BlackElo "1396"]
[Annotator "NA"]
[PlyCount "44"]
[EventDate "2024.02.21"]
[EventType "swiss"]
[EventCountry "NOR"]
[SourceTitle "playchess.com"]
[Source "ChessBase"]
[SourceQuality "1"]
[TimeControl "5400+30"]

1. d4 Nf6 2. Bf4 d5 3. e3 Bf5 4. Bd3 Bg6 5. f3 e6 6. Ne2 Bd6 7. Bg5 Be7 8. Nbc3 c5 9. Bxg6 hxg6 10. e4 cxd4 11. Nxd4 dxe4 12. fxe4 Nh5 13. Bxe7 Qxe7 14. e5 Qh4+ 15. g3 Nxg3 16. Nf3 Qb4 17. Rg1 Ne4 18. Qd3 Nxc3 19. bxc3 Qb6 20. Kd2 Nd7 21. Rab1 Qc7 22. Qe4 Nc5 0-1

[Event "Kragero Resort ELO 2024"]
[Site "Kragero"]
[Date "2024.02.23"]
[Round "6.21"]
[White "Halvorsen, Frode"]
[Black "Nguyen, Tyson Quang Hy"]
[Result "1-0"]
[ECO "C66"]
[WhiteElo "1385"]
[BlackElo "1267"]
[Annotator "NA"]
[PlyCount "131"]
[EventDate "2024.02.21"]
[EventType "swiss"]
[EventCountry "NOR"]
[SourceTitle "playchess.com"]
[Source "ChessBase"]
[SourceQuality "1"]
[TimeControl "5400+30"]

1. e4 e5 2. Nf3 Nc6 3. Bb5 d6 4. O-O Nf6 5. d3 Be7 6. h3 O-O 7. a4 Be6 8. Ng5 Nd4 9. Nxe6 Nxe6 10. Be3 c5 11. a5 Nd4 12. Bxd4 cxd4 13. Nd2 Rc8 14. Bc4 d5 15. exd5 Nxd5 16. Qf3 Rc5 17. Nb3 e4 18. Qxe4 Nf6 19. Qxd4 Rg5 20. Qxd8 Rxd8 21. Rfe1 Bd6 22. c3 Nh5 23. g3 Nf4 24. Kh2 Ng6 25. f4 Rh5 26. Kg2 Ne7 27. Nd2 Nc6 28. b4 Rh6 29. Re4 Kf8 30. Nf3 Rg6 31. Ne5 Nxe5 32. fxe5 Bc7 33. Re3 Re8 34. d4 f6 35. e6 Re7 36. Rd1 f5 37. d5 Bd6 38. Rf1 Rf6 39. Ref3 g6 40. g4 Rc7 41. Bb3 f4 42. Re1 Ke7 43. Ba4 h5 44. gxh5 gxh5 45. Kf2 Rh6 46. Rg1 Rh7 47. Rg8 Be5 48. Re8+ Kf6 49. Rd3 Bd6 50. Rg8 Rcg7 51. Rxg7 Rxg7 52. Bd7 h4 53. Rd1 Rg3 54. Rc1 Rxh3 55. e7 Re3 56. e8=Q Rxe8 57. Bxe8 Ke5 58. Bf7 Be7 59. Re1+ Kd6 60. Rxe7 Kxe7 61. Be6 a6 62. Kf3 Kd6 63. Kxf4 h3 64. Kg3 h2 65. Kxh2 b5 66. axb6 1-0

[Event "Kragero Resort ELO 2024"]
[Site "Kragero"]
[Date "2024.02.23"]
[Round "6.23"]
[White "Holten, Terje"]
[Black "Hagen, Bjorn Stian"]
[Result "1-0"]
[ECO "E32"]
[WhiteElo "1313"]
[BlackElo "1278"]
[Annotator "NA RC"]
[PlyCount "168"]
[EventDate "2024.02.21"]
[EventType "swiss"]
[EventCountry "NOR"]
[SourceTitle "playchess.com"]
[Source "ChessBase"]
[SourceQuality "1"]
[TimeControl "5400+30"]

1. d4 Nf6 2. c4 e6 3. Nc3 Bb4 4. Qc2 O-O 5. Nf3 b6 6. e3 Bb7 7. Be2 d6 8. a3 Bxc3+ 9. Qxc3 Nbd7 10. O-O c5 11. b3 cxd4 12. exd4 Rc8 13. Bb2 d5 14. Qe3 Qc7 15. Ne5 Nxe5 16. dxe5 Ne4 17. Rac1 Qe7 18. cxd5 Bxd5 19. Bf3 Qb7 20. Bxe4 Bxe4 21. Qg3 Rfd8 22. Rxc8 Qxc8 23. Bc1 Rd3 24. Qg4 Bf5 25. Qa4 Qd8 26. b4 Rd5 27. Bf4 b5 28. Qb3 Rd3 29. Qb2 Rd1 30. Qe2 Rxf1+ 31. Qxf1 a6 32. h3 Qd3 33. Qc1 Qb1 34. Qxb1 Bxb1 35. Be3 Kf8 36. Bc5+ Ke8 37. f4 Kd7 38. Kf2 Kc6 39. Ke3 Kd5 40. Bf8 g6 41. Kd2 Kc4 42. Kc1 Bd3 43. g4 Bf1 44. h4 Bh3 45. g5 Kd4 46. Kd2 Ke4 47. Kc3 Kxf4 48. Kd4 Bf5 49. Be7 Kg4 50. Kc5 Kxh4 51. Kb6 Kg4 52. Kxa6 Bd3 53. Ka5 Kh5 54. a4 bxa4 55. Kxa4 h6 56. gxh6 Kxh6 57. b5 Be4 58. b6 g5 59. Kb5 Bb7 60. Kc4 Kg6 61. Kd4 Kf5 62. Bf6 Kf4 63. Bg7 g4 64. Bh6+ Kf3 65. Be3 g3 66. Kd3 g2 67. Bg1 Kg4 68. Ke3 Kf5 69. Bh2 g1=Q+ 70. Bxg1 Kxe5 71. Bh2+ Kd5 72. Kf4 f6 73. Ke3 e5 74. Bg1 f5 75. Kd2 Ke4 76. Ke2 Ba6+ 77. Kd2 Kf3 78. Kc3 Ke2 79. Kb4 f4 80. Kc5 e4 81. Kc6 f3 82. b7 Bxb7+ 83. Kxb7 f2 84. Bxf2 Kxf2 1-0